 Dungeon Crawl Stone Soup version 0.19.5 (webtiles) character file.

264679 Gargoyl the Tortoise (level 20, -7/174 HPs)
             Began as a Ghoul Abyssal Knight on Mar 16, 2017.
             Was the Champion of Lugonu.
             Mangled by a ghoul (39 damage)
             ... on level 2 of the Vaults on Mar 18, 2017.
             The game lasted 02:20:51 (42651 turns).

Gargoyl the Tortoise (Ghoul Abyssal Knight)        Turns: 42651, Time: 02:20:52

Health: -7/174     AC:  6    Str: 20    XL:     20   Next: 45%
Magic:  34/34      EV: 18    Int: 10    God:    Lugonu [******]
Gold:   777        SH: 12    Dex: 17    Spells: 0 memorised, 42 levels left

rFire  . . .     SeeInvis .     T - +6 war axe (elec)
rCold  + + .     Gourm    .     F - +1 chain mail of the Morning {rElec rPois rF- Dex+4}
rNeg   + + +     Faith    .     d - +1 shield
rPois  ∞         Spirit   .     O - +2 helmet {Int+3}
rElec  +         Reflect  +     Z - +2 cloak {rF+}
rCorr  .         Harm     .     v - +2 pair of gloves
MR     +....                    W - +2 pair of boots {Fly}
Stlth  ..........               t - +3 amulet of reflection
                                b - +6 ring of evasion
                                U - ring "Cismecun" {rC+ EV+3}

@: about to teleport, marked, corroded, flying, rotting
A: rotting body, claws 1, carnivore 3, cold resistance 1, negative energy
resistance 3, slow regeneration 1, torment resistance, unbreathing
a: Depart the Abyss, Bend Space, Banish, Corrupt, Enter the Abyss, Brand Weapon
With Distortion, Renounce Religion, Stop Flying
}: 1/15 runes: serpentine


You were on level 2 of the Vaults.
You worshipped Lugonu.
Lugonu was exalted by your worship.
You were not hungry.

You visited 6 branches of the dungeon, and saw 30 of its levels.
You visited the Abyss 3 times.
You visited 1 bazaar.
You also visited: Volcano.

You collected 2996 gold pieces.
You spent 2219 gold pieces at shops.

Inventory:

Hand Weapons
 r - a +1 spear of venom
 u - the +12 whip "Kosen" {venom, *Rage rF+++ Int+5}
   (You found it on level 6 of the Dungeon)

   It poisons the flesh of those it strikes.
   It affects your intelligence (+5).
   It renders you almost immune to fire.
   It may make you go berserk in combat.
 P - a +0 broad axe
 T - a +6 war axe of electrocution (weapon)
Missiles
 H - 15 poisoned javelins (quivered)
Armour
 d - a +1 shield (worn)
 v - a +2 pair of gloves (worn)
 F - the +1 chain mail of the Morning (worn) {rElec rPois rF- Dex+4}
   (You found it on level 2 of the Abyss)

   It affects your dexterity (+4).
   It makes you vulnerable to fire.
   It insulates you from electricity.
   It protects you from poison.
 O - a +2 helmet of intelligence (worn)
 W - a +2 pair of boots of flying (worn)
 Z - a +2 cloak of fire resistance (worn)
Jewellery
 b - a +6 ring of evasion (right hand)
 i - an uncursed ring of protection from fire
 t - a +3 amulet of reflection (around neck)
 y - an uncursed amulet of regeneration
 A - an uncursed ring of see invisible
 G - an uncursed ring of resist corrosion
 U - the ring "Cismecun" (left hand) {rC+ EV+3}
   (You found it on level 3 of the Lair of Beasts)

   [ring of evasion]

   It affects your evasion (+3).
   It protects you from cold.
Wands
 j - a wand of disintegration (10/24)
 m - a wand of enslavement (9/24)
 s - a wand of digging (2/24)
 E - a wand of polymorph (10/24)
 K - a wand of teleportation (6/9)
Scrolls
 a - 3 scrolls of blinking
 h - 11 scrolls of remove curse
 o - a scroll of amnesia
 q - 2 scrolls of teleportation
 w - 4 scrolls of identify
 D - 2 scrolls of magic mapping
 J - 2 scrolls of fear
 N - a scroll of enchant weapon
 X - 2 scrolls of fog
Potions
 k - 2 potions of brilliance
 n - 8 potions of curing
 z - 4 potions of might
 B - 2 potions of ambrosia
 C - a potion of invisibility
 I - 2 potions of magic
 L - 2 potions of cancellation
 M - 7 potions of agility
 Q - a potion of heal wounds
 R - a potion of resistance
 S - a potion of haste
Books
 e - a book of Cantrips

   Spells                             Type                      Level
   a - Confusing Touch                Hexes                        1
   b - Animate Skeleton               Necromancy                   1
   c - Summon Small Mammal            Summoning                    1
   d - Apportation                    Translocation                1
 g - a book of Alchemy

   Spells                             Type                      Level
   a - Sublimation of Blood           Necromancy                   2
   b - Ignite Poison                  Fire/Transmutation/Poison    3
   c - Petrify                        Transmutation/Earth          4
   d - Alistair's Intoxication        Transmutation/Poison         5
   e - Irradiate                      Conjuration/Transmutation    5
 p - a book of Clouds

   Spells                             Type                      Level
   a - Mephitic Cloud                 Conjuration/Poison/Air       3
   b - Conjure Flame                  Conjuration/Fire             3
   c - Poisonous Cloud                Conjuration/Poison/Air       6
   d - Freezing Cloud                 Conjuration/Ice/Air          6
   e - Ring of Flames                 Charms/Fire                  7
Comestibles
 c - 10 meat rations
 f - a royal jelly
 x - 4 beef jerkies


   Skills:
 + Level 14.0 Fighting
 + Level 11.5(13.6) Axes
 + Level 12.2(13.9) Maces & Flails
 + Level 2.6 Throwing
 * Level 16.6 Armour
 + Level 6.1 Dodging
 * Level 11.5 Spellcasting
 * Level 15.6 Invocations
 + Level 1.5 Evocations


You had 42 spell levels left.
You didn't know any spells.

Dungeon Overview and Level Annotations

Branches:
Dungeon (15/15)            Temple (0/1) D:7            Lair (6/6) D:10
  Swamp (0/4) Lair:4        Snake (4/4) Lair:4        Slime (0/5) Lair:6
    Orc (2/2) D:12            Elf (1/3) Orc:2        Vaults (2/5) D:14
  Crypt (0/3) Vaults:2     Depths (0/5) D:15

Altars:
Dithmenos
Hepliaklqana
Makhleb
Ru
Trog
Zin
Beogh
Jiyva

Shops:
D:15 ?   Orc:2 (}}*   Snake:1 }==   Snake:4 }   Vaults:2 }

Annotations:
Lair:6 1 runed door


Innate Abilities, Weirdness & Mutations

Your body is rotting away.
You thrive on raw meat.
You are immune to poison.
You have sharp fingernails.
You are carnivorous and can eat meat at any time.
Your flesh is cold resistant. (rC+)
You are immune to negative energy. (rN+++)
You regenerate slowly when monsters are visible.
You are immune to unholy pain and torment.
You can survive without breathing.


Message History

You barely miss the ghoul.
The ghoul is heavily damaged.
You hit the ironbrand convoker but do no damage.
There is a sudden explosion of sparks!
You block the ghoul's attack. x2
The orc knight roars a battlecry!
The orc warrior goes into a battle-frenzy!
Unknown command.
The ironbrand convoker points at the ghoul and mumbles some strange words.
The ghoul seems to grow stronger.
The ghoul claws you! You block the ghoul's attack.
The entropy weaver gestures wildly while chanting.
The entropic weave corrodes you!
The orc warrior no longer looks unusually strong.
The ghoul barely misses you. The ghoul claws you!!
* * * LOW HITPOINT WARNING * * *
As you read the scroll of teleportation, it crumbles to dust.
You feel strangely unstable. The ghoul claws you!
* * * LOW HITPOINT WARNING * * *
The ghoul claws you!!!
You die...

###.#a).......#.......
..#a#.#.......#......#
#.#.#W#)......#......#
#.#.#{#...>...#......#
###n#.#.......#......#
..#.#.#.......#......#
#.#W#.#.......#.[....#
a...#.#########n.....#
#####..TaOo(oo(p@....#
≈≈≈.....O#########...#
≈≈≈≈.....#.......#...#
≈∩.......'.≈≈.≈≈.#...#
≈≈≈≈...).#.≈≈.≈≈.#.).##########
≈≈≈......#.......#.............
.........#.≈≈.≈≈.#.............
.........#.≈≈<≈≈.#.......$.....
.........#.......#.............


You could see a ghoul, an orc knight, an ironbrand convoker, a two-headed ogre
and 2 orc warriors.

Vanquished Creatures
  Frederick (Vaults:2)
  Bai Suzhen (Vaults:2)
  Nikola (Snake:1)
  Roxanne (Snake:1)
  Kirke (D:12)
  7 nagarajas
  3 vault wardens
  A caustic shrike zombie (D:15)
  2 stone giants (Vaults:2)
  A very ugly thing (D:15)
  2 ironheart preservers
  A deep elf demonologist (Orc:2)
  2 deep elf annihilators (Vaults:1)
  Nessos (Lair:6)
  2 fire dragons
  3 deep elf death magi (Elf:1)
  2 great orbs of eyes
  A deep elf high priest (Elf:1)
  A rakshasa (Vaults:1)
  Harold (D:10)
  11 hydras
  16 naga warriors
  6 ogre magi
  Erica (D:9)
  9 anacondas
  A vault guard (D:14)
  2 death knights (Vaults:2)
  An ice dragon (Vaults:2)
  8 centaur warriors
  2 tengu warriors
  3 orc high priests (Orc:2)
  3 death yaks (Lair:6)
  3 dancing weapons (Elf:1)
  11 shock serpents
  10 naga sharpshooters
  4 deep elf knights
  Sonja (D:12)
  5 skeletal warriors
  A fire crab (Volcano)
  2 salamander mystics
  2 unseen horrors
  A lindwurm (Volcano)
  A deep troll (D:8)
  6 orc knights
  10 naga ritualists
  8 hill giants
  2 deep elf archers
  5 wizards
  2 ironbrand convokers
  Pikel (D:6)
  3 necromancers
  20 mana vipers
  12 salamanders
  16 ugly things
  5 cyclopes
  6 orc sorcerers
  18 deep elf magi
  4 manticores
  6 elephants (Lair:3)
  2 centaur zombies
  A frost giant skeleton (D:15)
  58 black mambas
  10 guardian serpents
  3 molten gargoyles (Lair:6)
  17 naga magi
  A torpor snail (Abyss:1)
  2 gargoyles
  6 spiny frogs
  A water nymph (shapeshifter) (Elf:1)
  6 vault sentinels
  A rime drake (Lair:4)
  A kobold demonologist (D:14)
  2 freezing wraiths (Vaults:2)
  2 tengu conjurers
  15 komodo dragons
  4 red devils (Elf:1)
  10 yaktaurs
  3 meliai (D:14)
  A polar bear (D:15)
  10 two-headed ogres
  2 hornets
  An ettin zombie (D:15)
  11 trolls
  9 hippogriffs
  A blink frog (shapeshifter) (Vaults:1)
  16 slime creatures
  13 blink frogs
  A spriggan zombie (D:15)
  A centaur simulacrum (D:15)
  Sigmund (D:3)
  69 yaks
  An air elemental (D:13)
  5 water elementals (D:13)
  7 wyverns
  A redback (Vaults:2)
  A vampire (D:13)
  3 wraiths
  21 humans
  A fire elemental (D:13)
  5 hogs
  6 fire bats (Volcano)
  7 vampire mosquitoes
  6 basilisks
  A neqoxec (Abyss:2)
  4 steam dragons
  3 hungry ghosts
  6 wargs
  3 mottled dragons
  50 nagas
  Edmund (D:4)
  3 swamp worms (Lair:4)
  A hell hound (shapeshifter) (D:13)
  4 hell hounds
  3 sky beasts
  16 water moccasins
  6 porcupines
  6 ice beasts
  32 orc warriors
  2 black bears (D:10)
  3 eyes of draining
  4 phantoms
  A necrophage (D:8)
  7 boggarts (D:14)
  4 centaurs
  8 wolves
  37 ogres
  10 crocodiles
  3 big kobolds
  Blork the orc (D:4)
  15 bullfrogs
  An earth elemental (D:13)
  2 wyvern zombies
  5 scorpions
  4 wights (D:11)
  2 human simulacra
  11 killer bees
  12 electric eels
  2 howler monkeys (D:11)
  5 crimson imps
  4 lava snakes (Lair:6)
  A quasit (D:7)
  4 centaur skeletons
  3 jellies
  4 hounds
  30 orc priests
  A bullfrog skeleton (D:12)
  38 orc wizards
  A hell rat (D:10)
  6 iguanas
  8 worker ants
  13 adders
  6 gnolls
  A howler monkey skeleton (D:11)
  A river rat (D:10)
  3 white imps (D:15)
  An ufetubus (D:15)
  An ooze (D:1)
  An adder zombie (D:8)
  An adder skeleton (D:9)
  3 worms
  A dart slug (D:2)
  2 leopard geckos
  93 orcs
  5 bats
  7 giant cockroaches
  9 goblins
  9 hobgoblins
  17 jackals
  7 quokkas
  3 ball pythons
  6 frilled lizards
  39 kobolds
  A leopard gecko skeleton (D:4)
  A leopard gecko zombie (D:8)
  10 rats
1227 creatures vanquished.

Vanquished Creatures (collateral kills)
  A dancing weapon (Elf:1)
1 creature vanquished.

Vanquished Creatures (others)
  A slime creature (D:12)
  A hydra (Lair:4)
  A naga warrior (Snake:4)
  An anaconda (Snake:1)
  3 naga sharpshooters
  A fire crab (Lair:6)
  A skeletal warrior (D:15)
  A deep troll (Vaults:1)
  A naga ritualist (Snake:1)
  2 unseen horrors
  A phantasmal warrior (D:15)
  A deep elf mage (Elf:1)
  A salamander (Snake:2)
  A black mamba (Snake:1)
  A yaktaur (Vaults:1)
  A blink frog (Lair:4)
  A basilisk (Lair:6)
  A yak (Lair:3)
  A human (D:12)
  A steam dragon (Volcano)
  A naga (Snake:4)
  4 hell hounds (Lair:6)
  A slave (D:6)
  2 orc warriors
  An ogre (Vaults:2)
  A phantom (D:6)
  A necrophage (D:6)
  A boggart (Vaults:1)
  A bullfrog (D:6)
  5 electric eels
  A lava snake (Lair:6)
  3 orc priests (Orc:2)
  4 orc wizards
  A hound zombie (D:6)
  An adder (D:6)
  4 orcs
  3 jackals (D:6)
  8 fungi
  8 plants
  2 withered plants (D:15)
76 creatures vanquished.

Grand Total: 1304 creatures vanquished

Notes
Turn   | Place    | Note
-------+----------+-------------------------------------------
     0 | Abyss:1  | Gargoyl the Ghoul Abyssal Knight began the quest for the Orb.
     0 | Abyss:1  | Reached XP level 1. HP: 19/19 MP: 1/1
    40 | Abyss:1  | Found a corrupted altar of Lugonu.
   148 | Abyss:1  | Noticed a ynoxinul
   150 | D:1      | Escaped the Abyss
   229 | D:1      | Reached skill level 2 in Armour
   247 | D:1      | Reached XP level 2. HP: 13/26 MP: 2/2
   293 | D:1      | Reached * piety under Lugonu
   563 | D:1      | Reached XP level 3. HP: 32/33 MP: 3/3
  1055 | D:2      | Found a glowing silver altar of Zin.
  1201 | D:2      | Reached skill level 1 in Dodging
  1269 | D:2      | Reached XP level 4. HP: 37/39 MP: 4/4
  1339 | D:2      | Found a sacrificial altar of Ru.
  1736 | D:3      | Reached ** piety under Lugonu
  1811 | D:3      | Reached skill level 1 in Spellcasting
  2021 | D:3      | Noticed Sigmund
  2116 | D:3      | Killed Sigmund
  2116 | D:3      | Reached skill level 3 in Armour
  2116 | D:3      | Reached XP level 5. HP: 15/47 MP: 4/6
  2116 | D:3      | Reached XP level 6. HP: 17/53 MP: 4/7
  2847 | D:4      | Reached skill level 4 in Armour
  2872 | D:4      | Reached XP level 7. HP: 39/60 MP: 8/8
  2951 | D:4      | Noticed Blork the orc
  2972 | D:4      | Killed Blork the orc
  3462 | D:4      | Noticed Edmund
  3480 | D:4      | Reached *** piety under Lugonu
  3510 | D:4      | Killed Edmund
  3623 | D:5      | Entered Level 5 of the Dungeon
  3924 | D:5      | Reached skill level 5 in Fighting
  3956 | D:5      | Reached skill level 5 in Armour
  3957 | D:5      | Reached XP level 8. HP: 54/68 MP: 10/10
  4097 | D:5      | Found a shadowy altar of Dithmenos.
  4309 | D:5      | Found a burning altar of Makhleb.
  4371 | D:6      | Noticed Pikel
  4435 | D:6      | Killed Pikel
  4435 | D:6      | Reached skill level 5 in Axes
  4720 | D:6      | Reached skill level 6 in Armour
  4835 | D:6      | Reached XP level 9. HP: 33/74 MP: 12/12
  5215 | D:6      | Got a warped whip
  5216 | D:6      | Identified the +12 whip "Kosen" {venom, *Rage rF+++ Int+5} (You found it on level 6 of the Dungeon)
  5575 | D:6      | Reached **** piety under Lugonu
  6048 | D:7      | Found a runed door.
  6076 | D:7      | Found a staircase to the Ecumenical Temple.
  6284 | D:7      | Reached skill level 1 in Maces & Flails
  6284 | D:7      | Reached skill level 5 in Invocations
  6354 | D:7      | Reached skill level 7 in Armour
  6472 | D:7      | Reached XP level 10. HP: 57/83 MP: 14/14
  6779 | D:7      | Reached ***** piety under Lugonu
  6840 | D:7      | Found a roughly hewn altar of Beogh.
  7479 | D:8      | Reached skill level 8 in Armour
  7515 | D:8      | Found a bloodstained altar of Trog.
  8010 | D:9      | Noticed Erica
  8025 | D:9      | Killed Erica
  8025 | D:9      | Reached skill level 5 in Maces & Flails
  8342 | D:9      | Reached skill level 9 in Armour
  8342 | D:9      | Reached XP level 11. HP: 91/91 MP: 17/17
  8677 | D:10     | Entered Level 10 of the Dungeon
  8728 | D:10     | Found a staircase to the Lair.
  9010 | D:10     | Reached skill level 5 in Spellcasting
  9105 | D:10     | Noticed a manticore
  9105 | D:10     | Noticed a tengu warrior
  9133 | D:11     | Killed a tengu warrior
  9262 | D:10     | Killed a manticore
  9335 | D:10     | Got a smoking eveningstar
  9337 | D:10     | Identified the +5 eveningstar of a volcano {venom, Int+2 Dex+6} (You found it on level 10 of the Dungeon)
  9520 | D:10     | Noticed an iron troll
  9607 | D:10     | Banished an iron troll
  9739 | D:10     | Noticed a deep troll
  9776 | D:8      | Reached skill level 10 in Armour
  9776 | D:8      | Reached XP level 12. HP: 63/101 MP: 19/19
 10091 | D:10     | Noticed Harold
 10112 | D:10     | Killed Harold
 10450 | Lair:1   | Entered Level 1 of the Lair of Beasts
 10539 | Lair:1   | Reached skill level 1 in Evocations
 10553 | Lair:1   | Noticed an eight-headed hydra
 10567 | Lair:1   | Killed an eight-headed hydra
 10756 | Lair:1   | Got a scorched hand axe
 10767 | Lair:1   | Identified the cursed +0 hand axe of Defiance {elec, rF+} (You found it on level 1 of the Lair of Beasts)
 11502 | Lair:2   | Noticed an eight-headed hydra
 11515 | Lair:2   | Killed an eight-headed hydra
 11515 | Lair:2   | Reached skill level 11 in Armour
 12379 | Lair:3   | Noticed a seven-headed hydra
 12394 | Lair:3   | Killed a seven-headed hydra
 12453 | Lair:3   | Got an ancient platinum ring
 12621 | Lair:3   | Noticed a seven-headed hydra
 12641 | Lair:3   | Killed a seven-headed hydra
 12641 | Lair:3   | Reached XP level 13. HP: 76/110 MP: 21/21
 13476 | Lair:3   | HP: 5/111 [torpor snail (8)]
 13478 | Lair:3   | Reached skill level 12 in Armour
 13668 | Lair:4   | Reached skill level 10 in Invocations
 13700 | Lair:4   | HP: 3/111 [blink frog (13)]
 13791 | Lair:4   | Escaped the Abyss
 13800 | Lair:4   | Reached skill level 1 in Throwing
 13930 | Lair:4   | Found a staircase to the Snake Pit.
 14290 | Lair:4   | Identified a scroll of acquirement
 14314 | Lair:4   | Identified the ring "Cismecun" {rC+ EV+3} (You found it on level 3 of the Lair of Beasts)
 14372 | Lair:4   | Found a staircase to the Swamp.
 15390 | Lair:6   | Entered Level 6 of the Lair of Beasts
 15569 | Lair:6   | Reached XP level 14. HP: 103/118 MP: 23/23
 15639 | Lair:6   | Noticed Nessos
 15702 | Lair:6   | Killed Nessos
 15979 | Lair:6   | Found a large runed door.
 15979 | Lair:6   | Found a large runed door.
 16002 | Lair:6   | Found a dark tunnel.
 16007 | Volcano  | Entered a volcano
 16193 | Lair:6   | Reached skill level 13 in Armour
 17249 | Lair:6   | Reached skill level 10 in Fighting
 17685 | Lair:6   | Found a runed door.
 17685 | Lair:6   | Found a viscous altar of Jiyva.
 17779 | Lair:6   | Found a staircase to the Slime Pits.
 17779 | Lair:6   | Noticed an acid blob
 17779 | Lair:6   | Noticed an acid blob
 18950 | D:12     | Noticed Sonja
 18951 | D:12     | Found a staircase to the Orcish Mines.
 18967 | D:12     | Killed Sonja
 19010 | D:12     | Noticed Kirke
 19028 | D:12     | Killed Kirke
 19054 | D:12     | Reached XP level 15. HP: 105/127 MP: 26/26
 19564 | D:12     | Reached skill level 10 in Maces & Flails
 20187 | D:13     | Reached skill level 14 in Armour
 20595 | D:13     | Found a large runed door.
 20595 | D:13     | Found a large runed door.
 20978 | Orc:1    | Entered Level 1 of the Orcish Mines
 21645 | Orc:2    | Entered Level 2 of the Orcish Mines
 21645 | Orc:2    | Found a staircase to the Elven Halls.
 21970 | Orc:2    | Found a flickering gateway to a bazaar.
 21981 | Bazaar   | Entered a bazaar
 21981 | Bazaar   | Found Weoni's Food Emporium.
 21981 | Bazaar   | Found Nihucrik's Gadget Emporium.
 21982 | Bazaar   | Found Kuometz's Assorted Antiques.
 21982 | Bazaar   | Found Iwomp's Antique Armour Shoppe.
 22002 | Bazaar   | Bought a shiny helmet for 283 gold pieces
 22013 | Bazaar   | Bought a glowing chain mail for 283 gold pieces
 22280 | Orc:2    | Found Tittiad's General Store.
 22374 | Orc:1    | Reached ****** piety under Lugonu
 22474 | Orc:1    | Paralysed by an orc sorcerer for 3 turns
 23253 | Orc:2    | Found Saezou's Gadget Emporium.
 23310 | Orc:2    | Found Mistrag's Gadget Shop.
 23316 | Orc:2    | Found Sisub's Antique Weapon Shop.
 23412 | Orc:2    | Bought a +4 ring of slaying for 1248 gold pieces
 23715 | Elf:1    | Entered Level 1 of the Elven Halls
 24435 | Elf:1    | Reached XP level 16. HP: 34/135 MP: 16/27
 25058 | Elf:1    | Cast into level 2 of the Abyss (a deep elf demonologist)
 25072 | Abyss:2  | Got a slimy chain mail
 25092 | Abyss:2  | Identified the cursed +1 chain mail of the Morning {rElec rPois rF- Dex+4} (You found it on level 2 of the Abyss)
 25094 | Elf:1    | Escaped the Abyss
 25106 | Elf:1    | Noticed an Executioner
 27067 | D:14     | Found a gate to the Vaults.
 27482 | D:14     | Got an ancient battleaxe
 27484 | D:14     | Identified the +4 battleaxe of the Equinox {speed, rN+ Stlth+} (You found it on level 14 of the Dungeon)
 27522 | D:15     | Entered Level 15 of the Dungeon
 27596 | D:15     | Found a staircase to the Depths.
 27623 | D:15     | Reached skill level 15 in Armour
 28300 | D:15     | Found Ongonupu's Magic Scroll Shop.
 28307 | D:15     | Bought a scroll of teleportation for 30 gold pieces
 28307 | D:15     | Bought a scroll of teleportation for 30 gold pieces
 28307 | D:15     | Bought a scroll of enchant weapon for 75 gold pieces
 28307 | D:15     | Bought a scroll of teleportation for 30 gold pieces
 28307 | D:15     | Bought a scroll of blinking for 75 gold pieces
 28310 | D:15     | Reached XP level 17. HP: 146/146 MP: 29/29
 28966 | Snake:1  | Entered Level 1 of the Snake Pit
 29340 | Snake:1  | Noticed Nikola
 29393 | Snake:1  | Killed Nikola
 29759 | Snake:1  | Reached skill level 10 in Spellcasting
 29817 | Snake:1  | Reached XP level 18. HP: 135/153 MP: 11/31
 29897 | Snake:1  | HP: 2/154 [black mamba (14)]
 31003 | Snake:1  | Found Cioruyqa's Gadget Boutique.
 31003 | Snake:1  | Found Neemnyor's Jewellery Shoppe.
 31025 | Snake:1  | Reached skill level 5 in Dodging
 31041 | Snake:1  | Found Vufeujo's Jewellery Shoppe.
 31101 | Snake:1  | Bought an uncursed ring of see invisible for 165 gold pieces
 31155 | Snake:1  | Noticed Roxanne
 31317 | Snake:1  | Killed Roxanne
 31318 | Snake:1  | Identified Roxanne's Grimoire of Transformation (You took it off Roxanne on level 1 of the Snake Pit)
 33567 | Snake:3  | Found a hazy altar of Hepliaklqana.
 35172 | Snake:4  | Entered Level 4 of the Snake Pit
 35514 | Snake:4  | Found Gimom's Gadget Shoppe.
 35808 | Snake:4  | Reached XP level 19. HP: 72/163 MP: 32/32
 36151 | Snake:4  | Reached skill level 16 in Armour
 37396 | Snake:4  | Reached skill level 10 in Axes
 37718 | Snake:4  | Reached skill level 15 in Invocations
 37752 | Snake:4  | Got a serpentine rune of Zot
 38231 | Vaults:1 | Entered Level 1 of the Vaults
 40106 | Vaults:1 | Got a brightly glowing scimitar
 40107 | Vaults:1 | Identified the cursed +2 scimitar of Pafonurch {freeze, Str+4 Int+3} (You found it on level 1 of the Vaults)
 40141 | Vaults:1 | Reached XP level 20. HP: 173/173 MP: 34/34
 40534 | Vaults:2 | Found Numemuwk's Gadget Boutique.
 40959 | Vaults:2 | Noticed Frederick
 40985 | Vaults:2 | Killed Frederick
 41028 | Vaults:2 | Noticed Bai Suzhen
 41062 | Vaults:2 | Killed Bai Suzhen
 41581 | Vaults:2 | Found a staircase to the Crypt.
 42651 | Vaults:2 | Mangled by a ghoul

Skill      XL: |  1  2  3  4  5  6  7  8  9 10 11 12 13 14 15 16 17 18 19 20 |
---------------+-------------------------------------------------------------+-----
Armour         | 2 3 4 5 6 7 9 10 11 12 13 14 15 16 | 16.6
Fighting       | 4 5 6 8 9 10 11 12 13 14 | 14.0
Dodging        | 1 2 3 4 5 6 |  6.1
Axes           | 2 3 4 5 6 9 10 11 | 11.5
Spellcasting   | 1 2 3 4 5 6 7 8 9 10 11 | 11.5
Invocations    | 3 4 5 6 7 9 10 11 12 13 14 15 | 15.6
Maces & Flails | 3 5 6 7 8 9 10 11 12 | 12.2
Evocations     | 1 |  1.5
Throwing       | 1 2 |  2.6

Action                   |  1- 3 |  4- 6 |  7- 9 | 10-12 | 13-15 | 16-18 | 19-21 || total
-------------------------+-------+-------+-------+-------+-------+-------+-------++-------
Melee: Hand axe          |   160 |   180 |   329 |       |       |       |       ||   669
       Whip              |       |       |   130 |   761 |  2127 |  1127 |   609 ||  4754
       War axe           |       |       |       |       |    43 |   526 |   586 ||  1155
Throw: Tomahawk          |       |       |       |     4 |    19 |     9 |     2 ||    34
       Javelin           |       |       |       |       |       |       |     9 ||     9
Invok: Depart the Abyss  |     1 |       |       |       |     1 |     1 |       ||     3
       Banish            |       |       |     1 |     8 |    25 |    12 |     7 ||    53
       Bend Space        |       |       |       |     1 |     2 |     1 |     1 ||     5
       Enter the Abyss   |       |       |       |       |     1 |       |       ||     1
 Abil: Evoke Flight      |       |       |       |     5 |       |       |       ||     5
Evoke: Wand              |       |       |       |       |     3 |       |       ||     3
  Use: Scroll            |     4 |    10 |     6 |    11 |    21 |    16 |    10 ||    78
       Potion            |       |     5 |     7 |     1 |     5 |    14 |     3 ||    35
 Stab: Distracted        |       |       |       |       |     4 |       |       ||     4
       Invisible         |       |       |       |       |       |     1 |       ||     1
  Eat: Chunk             |     8 |    20 |    28 |   146 |   271 |   223 |   216 ||   912
       Meat ration       |       |       |       |     1 |       |       |     1 ||     2
Armor: Chain mail        |   125 |   121 |   231 |   218 |       |   810 |   540 ||  2045
       Plate armour      |       |       |       |   410 |  1406 |    30 |       ||  1846
Dodge: Dodged            |    60 |    62 |   133 |   316 |   935 |   767 |   696 ||  2969
Block: Shield            |    66 |    79 |   220 |   354 |   853 |   822 |   753 ||  3147
       Reflection        |       |       |     8 |       |    10 |    71 |    73 ||   162
